 Dungeon Crawl Stone Soup version 0.28.0-53-g5a82cb258f (webtiles) character file.

Game seed: 15888911475700270071

520 Ashen the Ogre Mage (level 7, -1/67 HPs)
             Began as an Ogre Hedge Wizard on June 26, 2022.
             Killed from afar by an orc (7 damage)
             ... with a puff of flame
             ... on level 4 of the Dungeon.
             The game lasted 00:11:27 (5048 turns).

Ashen the Ogre Mage (Ogre Hedge Wizard)             Turns: 5048, Time: 00:11:28

Health: -1/67      AC:  4    Str: 15    XL:     7   Next: 21%
Magic:  3/13       EV: 10    Int: 17    God:
Gold:   113        SH:  0    Dex:  8    Spells: 3/15 levels left

rFire   . . .      SeeInvis .   g - +0 dagger (venom)
rCold   . . .      Faith    .   (no shield)
rNeg    . . .      Spirit   .   b - +0 robe
rPois   .          Reflect  .   c - +1 hat
rElec   .          Harm     .   (no cloak)
rCorr   .          Rampage  .   (gloves unavailable)
Will    .....                   (boots unavailable)
Stlth   ++........              (no amulet)
HPRegen 0.21/turn               (no ring)
MPRegen 0.13/turn               (no ring)

@: no status effects
A: large, unfitting armour, tough skin 1
a: no special abilities


You were on level 4 of the Dungeon.
You visited 1 branch of the dungeon, and saw 4 of its levels.

You collected 113 gold pieces.

Inventory:

Hand Weapons
 g - a +0 dagger of venom (weapon)
 h - a +0 flail
Armour
 b - a +0 robe (worn)
 c - a +1 hat (worn)
Scrolls
 d - 4 scrolls of teleportation
 e - a scroll of enchant armour
 j - a scroll of holy word {unknown}
 m - 2 scrolls of identify
Potions
 a - a potion of lignification
 f - a potion of resistance {unknown}
 i - a potion of curing
 k - a potion of might
 l - a potion of cancellation {unknown}


   Skills:
 + Level 3.0 Fighting
 + Level 1.4 Maces & Flails
 + Level 2.8 Dodging
 + Level 2.4 Stealth
 + Level 4.5 Spellcasting
 + Level 2.3 Conjurations
 + Level 2.2 Summonings
 + Level 2.3 Translocations
 + Level 0.3 Ice Magic
 + Level 0.9 Air Magic
 - Level 1.0 Poison Magic


You had 3 spell levels left.
You knew the following spells:

 Your Spells              Type           Power      Damage    Failure   Level
a - Magic Dart            Conj           44%        1d5       6%          1
b - Blink                 Tloc           22%        N/A       9%          2
c - Call Imp              Summ           11%        N/A       9%          2
d - Mephitic Cloud        Conj/Pois/Air  8%         N/A       26%         3
e - Hailstorm             Conj/Ice       8%         3d4       65%         4

Your spell library contained the following spells:

 Spells                   Type           Power      Damage    Failure   Level
 Static Discharge         Conj/Air       9%         N/A       12%         2
 Slow                     Hex            12%        N/A       16%         1
 Scorch                   Fire           6%         2d5       22%         2
 Conjure Flame            Conj/Fire      7%         6-21      28%         3
 Flame Wave               Conj/Fire      7%         2d5       67%         4
 Sticky Flame             Conj/Fire      7%         2d3       67%         4
 Olgreb's Toxic Radiance  Pois           7%         N/A       69%         4
 Ice Form                 Ice/Tmut       4%         N/A       80%         4
 Dispel Undead            Necr           3%         3d7       83%         4
 Simulacrum               Ice/Necr       2%         N/A       100%        6
 Summon Cactus Giant      Summ           5%         N/A       100%        6
 Ozocubu's Refrigeration  Ice            2%         4d5       100%        7
 Ignition                 Fire           1%         3d3       100%        8


Dungeon Overview and Level Annotations

Branches:
Dungeon (4/15)
 Temple: D:4-7

Altars:

Shops:
D:1 ?   D:2 (   D:3 :


Innate Abilities, Weirdness & Mutations

You are too large for most types of armour.
You have tough skin. (AC +1)


Message History

Press: ? - help, Shift-Dir - straight line, f/p - ogre
Aim: an ogre, wielding a +0 giant spiked club (chance to affect: 77%)
You miscast Mephitic Cloud.
Nothing appears to happen.
You hit the ogre.
The ogre is poisoned.
The ogre is lightly wounded.
The ogre barely misses you.
You hit the ogre but do no damage.
The ogre looks as sick as possible!
The ogre is lightly wounded.
The ogre hits you with a +0 giant spiked club!!
Ouch! That really hurt!
Casting: Mephitic Cloud (dangerous; 28% risk of failure)
Confirm with . or Enter, or press ? or * to list all spells.
Aiming: Mephitic Cloud (dangerous; 28% risk of failure)
Press: ? - help, Shift-Dir - straight line, f/p - ogre
Aim: an ogre, wielding a +0 giant spiked club (moderately wounded, very poisoned, chance to affect: 77%)
The ball explodes into a vile cloud!
The stinking cloud engulfs the ogre but does no damage.
The ogre is moderately wounded.
The ogre is engulfed in noxious fumes.
You hit the ogre but do no damage.
The ogre looks as sick as possible!
The ogre is moderately wounded.
The ogre is engulfed in noxious fumes.
The ogre appears confused.
The ogre closely misses you.
You hit the ogre.
The ogre is heavily wounded.
The ogre hits you with a +0 giant spiked club!!
* * * LOW HITPOINT WARNING * * *
You hear an angry hiss.
An iguana comes into view.
You feel a bit more experienced.
You have reached level 7!
Your magical contamination has completely faded away.
You feel a bit more experienced.
Training target 1.0 for Poison Magic reached!
Your Fighting skill increases to level 3!
Your Poison Magic skill increases to level 1!
The orc shouts!
The orc barely misses you.
The orc zaps a wand.
The puff of flame hits you!
You die...

.................#..........÷....
..#......#.....#.#...............
..........#..###.................
.########......##......(........#
.....÷...........................
.................................
.#######..##........)............
.................................
.#####.#####....@...<.#....>.....
.##....# ##...##..............#
#)..#### #..o######.........##
#.### ######.#.# ##.......## ..#
#......#.### #.......# .##
....####.#..O############# . #
#.###)...# . #...####.##### .
###..###.....#


You could see an orc.

Vanquished Creatures
  An ogre (D:4)
  A water moccasin skeleton (D:4)
  A howler monkey (D:4)
  An iguana (D:4)
  4 orc wizards
  Natasha (D:2)
  Robin (D:2)
  5 adders
  2 dart slugs (D:4)
  13 orcs
  3 endoplasms
  A giant cockroach (D:2)
  12 goblins
  4 hobgoblins
  4 jackals (D:1)
  2 quokkas
  4 ball pythons
  2 bats (D:3)
  3 frilled lizards
  2 kobolds
  4 rats
71 creatures vanquished.

Vanquished Creatures (collateral kills)
  A hound (D:4)
  A centaur skeleton (D:4)
2 creatures vanquished.

Grand Total: 73 creatures vanquished

Notes
Turn   | Place    | Note
-------+----------+-------------------------------------------
     0 | D:1      | Ashen the Ogre Hedge Wizard began the quest for the Orb.
     0 | D:1      | Reached XP level 1. HP: 16/16 MP: 5/5
    63 | D:1      | Reached skill level 1 in Conjurations
   264 | D:1      | Reached skill level 1 in Summonings
   334 | D:1      | Found Jeatuczi's Magic Scroll Shop.
   542 | D:1      | Reached skill level 1 in Translocations
   603 | D:1      | Reached XP level 2. HP: 26/26 MP: 4/6
   783 | D:1      | Learned a level 2 spell: Blink
   786 | D:1      | Learned a level 2 spell: Call Imp
  1053 | D:2      | You fall into a shaft and drop 2 floors!
  1154 | D:4      | Reached skill level 1 in Fighting
  1154 | D:4      | Reached XP level 3. HP: 32/33 MP: 2/8
  1322 | D:4      | HP: 1/33 [orc/+0 flail (2)]
  1671 | D:3      | Reached skill level 4 in Spellcasting
  1671 | D:3      | Reached XP level 4. HP: 19/41 MP: 0/10
  1865 | D:3      | Found Tugueq's Book Boutique.
  2053 | D:3      | Learned a level 3 spell: Mephitic Cloud
  2727 | D:2      | Reached XP level 5. HP: 49/49 MP: 9/11
  2967 | D:2      | Noticed Robin
  3162 | D:2      | Killed Robin
  3690 | D:2      | Noticed Natasha
  3701 | D:2      | Killed Natasha
  3856 | D:2      | Found Guibymep's Weapon Shop.
  3979 | D:2      | Found a faded altar of an unknown god.
  4141 | D:3      | Reached skill level 1 in Maces & Flails
  4141 | D:3      | Reached XP level 6. HP: 58/58 MP: 4/12
  4869 | D:4      | Learned a level 4 spell: Hailstorm
  5029 | D:4      | HP: 2/59 [ogre/+0 giant spiked club (25)]
  5035 | D:4      | Reached XP level 7. HP: 3/66 MP: 2/13
  5037 | D:4      | Reached skill level 1 in Poison Magic
  5048 | D:4      | Killed from afar by an orc

Illustrated notes

Levels and vault maps discovered:
D:1:      tarquinn_simple_flora_water_f, layout_basic, serial_shops,
          shop_fountains
D:2:      layout_loops_ring, serial_shops, nicolae_shop_bloodbath_and_beyond,
          hellmonk_ecumenical_altar_leap_of_faith, uniq_robin, uniq_sigmund,
          uniq_natasha
D:3:      layout_basic, serial_shops, shop, dk_noncrumbling_3
D:4:      layout_rooms, minmay_quadrilaterals

Skill      XL: |  1  2  3  4  5  6  7 |
---------------+----------------------+-----
Conjurations   | 1 2 |  2.3
Summonings     | 1 2 |  2.2
Translocations | 1 2 |  2.3
Fighting       | 1 2 3 |  3.0
Dodging        | 2 |  2.8
Spellcasting   | 4 |  4.5
Stealth        | 2 |  2.4
Maces & Flails | 1 |  1.4
Poison Magic   | 1 |  1.0
Ice Magic      | |  0.3
Air Magic      | |  0.9

Action                   |  1- 3 |  4- 6 |  7- 9 || total
-------------------------+-------+-------+-------++-------
Melee: Dagger            |    58 |    61 |       ||   119
       Flail             |    14 |    48 |       ||    62
       Punch             |       |     1 |       ||     1
 Cast: Magic Dart        |    56 |    97 |       ||   153
       Call Imp          |     2 |     2 |       ||     4
       Mephitic Cloud    |       |     7 |       ||     7
       Blink             |       |     1 |       ||     1
  Use: Scroll            |     3 |     7 |       ||    10
       Potion            |     1 |       |       ||     1
 Stab: Sleeping          |     1 |     3 |       ||     4
       Confused          |       |     1 |       ||     1
Armor: Robe              |    35 |    46 |       ||    81
Dodge: Dodged            |    60 |    52 |     1 ||   113
